 Dungeon Crawl Stone Soup version 0.29.1-15-g9cfb28693d (webtiles) character file.

Game seed: 705556029951266509

1139 croobank the Covert (level 8, -9/51 (54) HPs)
             Began as an Octopode Delver on Feb 27, 2023.
             Shot with a sling bullet by a human (11 damage)
             ... on level 6 of the Dungeon.
             The game lasted 00:15:52 (5775 turns).

croobank the Covert (Octopode Delver)               Turns: 5775, Time: 00:15:52

HP:   -9/51 (54)    AC:  2    Str: 17    XL:     8   Next: 37%
MP:   12/13         EV: 15    Int: 17    God:
Gold: 384           SH:  0    Dex: 18    Spells: 12/13 levels left

rFire   + . .      SeeInvis .   c - +3 dagger (speed)
rCold   . . .      Faith    .   (no shield)
rNeg    . . .      Spirit   .   k - +1 hat of Hedge Wizardry {rF+ Int+3 Dex+4}
rPois   .          Reflect  .   B - amulet of the acrobat
rElec   .          Harm     .   d - +6 ring of strength
rCorr   .          Rampage  .   (no ring)
Will    .....                   (no ring)
Stlth   +++++.....              (no ring)
HPRegen 0.17/turn               (no ring)
MPRegen 0.13/turn               (no ring)
                                (no ring)
                                (no ring)

@: attractive, drained
A: almost no armour, amphibious, 8 rings, camouflage 1, gelatinous body 1,
(nimble swimmer 1), tentacles
a: no special abilities


You were on level 6 of the Dungeon.
You visited 2 branches of the dungeon, and saw 7 of its levels.

You collected 384 gold pieces.

Inventory:

Hand Weapons
 c - a +3 dagger of speed (weapon)
 t - a +0 short sword of flaming
 y - a +1 hand axe of freezing
 A - a +2 flail of protection
Missiles
 j - 7 poisoned darts (quivered)
Armour
 i - an orb of energy
 k - the +1 hat of Hedge Wizardry (worn) {rF+ Int+3 Dex+4}
   (You acquired it on level 1 of the Dungeon)

   Int:       It affects your intelligence (+3).
   Dex:       It affects your dexterity (+4).
   rF:        It protects you from fire.
Jewellery
 d - a +6 ring of strength (left tentacle)
 B - an amulet of the acrobat (around mantle)
Wands
 f - a wand of digging (3)
 m - a wand of charming (6)
Scrolls
 a - a scroll of torment {unknown}
 b - a scroll of fog
 l - 3 scrolls of identify
 n - a scroll of enchant weapon
 r - a scroll of magic mapping
 v - a scroll of amnesia {unknown}
 x - 2 scrolls of summoning {unknown}
 z - a scroll of enchant armour {unknown}
Potions
 e - 3 potions of resistance
 h - a potion of degeneration {unknown}
 o - a potion of magic {unknown}
 p - 3 potions of heal wounds {unknown}
 q - 4 potions of curing {unknown}
 s - a potion of lignification {unknown}
 u - a potion of flight {unknown}
 w - a potion of might {unknown}


   Skills:
 + Level 4.6 Fighting
 * Level 3.5 Short Blades
 - Level 2.9 Axes
 + Level 4.0 Dodging
 + Level 8.4 Stealth
 * Level 3.4 Spellcasting
 * Level 3.8 Hexes


You had 12 spell levels left.
You knew the following spells:

 Your Spells              Type           Power      Damage    Failure   Level
a - Slow                  Hex            64%        N/A       3%          1

Your spell library contained the following spells:

 Spells                   Type           Power      Damage    Failure   Level
 Confusing Touch          Hex            16%        N/A       11%         3
 Vampiric Draining        Necr           2%         2d6       45%         3


Dungeon Overview and Level Annotations

Branches:
Dungeon (6/15)             Temple (1/1) D:6

Altars:
Cheibriados
Fedhas
Nemelex Xobeh
Okawaru
Ru
Sif Muna
Vehumet
Wu Jian
Xom
The Shining One
Lugonu


Innate Abilities, Weirdness & Mutations

You cannot wear most types of armour.
You are amphibious.
You can wear up to eight rings at the same time.
Your skin changes colour to match your surroundings (Stealth+).
Your rubbery body absorbs attacks. (AC +1, EV +1)
((You are camouflaged when in or above water. (Stealth+)))
You have tentacles for arms and can constrict up to eight enemies at once.


Message History

The orc wizard is severely wounded.
You constrict the human. You constrict the orc wizard.
The human hits you with a +0 mace!
You hit the human but do no damage. You squeeze the human!
The human is heavily wounded.
You constrict the human. You constrict the orc wizard.
You hit the human but do no damage.
The human is heavily wounded.
You constrict the human. You constrict the orc wizard.
You kill the orc wizard!
The human closely misses you.
The human shoots a sling bullet.
The sling bullet hits you.
The orc wizard mumbles some strange words.
The orc wizard flickers and vanishes!
Deactivating autopickup; reactivate with Ctrl-A.
You release your grip on the human.
The orc wizard attacks as you move away!
The orc wizard hits you with a +1 dagger of draining.
You feel drained.
The human shoots a sling bullet.
The sling bullet barely misses you. The human hits you with a +0 mace!
* * * LOW HITPOINT WARNING * * *
Something barely misses you.
The human shoots a sling bullet.
The sling bullet barely misses you.
The sling bullet hits the orc wizard!
The orc closely misses you.
Things that are here:
a +0 dagger; a +0 robe
Okay, then.
Okay, then.
It was a potion of attraction.
You feel attractive to monsters.
The human shoots a sling bullet.
The sling bullet hits you.
* * * LOW HITPOINT WARNING * * *
The human hits you with a +0 mace!
* * * LOW HITPOINT WARNING * * *
Something hits you.
* * * LOW HITPOINT WARNING * * *
The orc wizard hits you with a +1 dagger of draining.
* * * LOW HITPOINT WARNING * * *
You feel drained.
The human shoots a sling bullet.
The sling bullet hits you!
You die...

.####. #... .#
......###.###########.#
.o...p(............##.#
............######..#.#
##...o###.#.# ##.#.#
#...p.p..#.# #.#.#
#.....#..#.# #.#.#
+.......{..# #...#
#...#..o@p.# ##..### ..
#####o#########.)..## #
#................
############.#...
#.###. #..... ######


You could see 3 humans, an orc wizard and an orc.

Vanquished Creatures
  2 humans (D:6)
  A black bear (D:5)
  An ice beast (D:6)
  An ogre (D:5)
  A centaur (D:6)
  2 scorpions (D:5)
  A necrophage (D:3)
  A jelly (D:5)
  2 hounds
  Jessica (D:2)
  2 iguanas (D:5)
  An orc wizard (D:6)
  A gnoll (D:4)
  5 adders
  2 ufetubi (D:4)
  3 worms
  A dart slug (D:2)
  15 orcs
  8 ball pythons
  4 bats
  An endoplasm (D:2)
  A giant cockroach (D:2)
  8 goblins
  6 hobgoblins
  2 jackals (D:1)
  6 quokkas
  6 frilled lizards
  7 kobolds
  12 rats
104 creatures vanquished.

Vanquished Creatures (collateral kills)
  A hound (D:6)
  A shadow imp (D:6)
2 creatures vanquished.

Vanquished Creatures (others)
  Grinder (D:6)
1 creature vanquished.

Grand Total: 107 creatures vanquished

Notes
Turn   | Place    | Note
-------+----------+-------------------------------------------
     0 | D:5      | croobank the Octopode Delver began the quest for the Orb.
     0 | D:5      | Reached XP level 1. HP: 16/16 MP: 1/1
    14 | D:5      | Found a radiant altar of Vehumet.
    85 | D:6      | Noticed an orc wizard
   100 | D:5      | Noticed an iguana
   245 | D:6      | Noticed an ice beast
   350 | D:4      | Noticed a necrophage
   546 | D:2      | Noticed Jessica
   555 | D:2      | Reached XP level 2. HP: 8/21 MP: 2/2
   556 | D:2      | Killed Jessica
   557 | D:2      | Reached XP level 3. HP: 10/26 MP: 3/3
   562 | D:2      | Reached skill level 7 in Stealth
   834 | D:2      | Found a sacrificial altar of Ru.
  1415 | D:2      | Reached XP level 4. HP: 31/31 MP: 4/4
  1417 | D:2      | Found a faded altar of an unknown god.
  2341 | D:1      | Identified a scroll of acquirement
  2341 | D:1      | Acquired the +1 hat of Hedge Wizardry {rF+ Int+3 Dex+4}
  2580 | D:3      | Learned a level 1 spell: Slow
  2766 | D:3      | Killed a necrophage
  2767 | D:3      | Reached skill level 1 in Hexes
  2767 | D:3      | Reached XP level 5. HP: 23/37 MP: 1/6
  2940 | D:3      | Reached skill level 1 in Spellcasting
  3607 | D:4      | Reached XP level 6. HP: 36/43 MP: 6/8
  3798 | D:4      | Reached skill level 1 in Short Blades
  4620 | D:5      | Found a glowing golden altar of the Shining One.
  4636 | D:5      | Reached XP level 7. HP: 48/48 MP: 8/10
  4846 | D:5      | Reached skill level 8 in Stealth
  5079 | D:6      | Found a staircase to the Ecumenical Temple.
  5084 | Temple   | Entered the Ecumenical Temple
  5143 | D:6      | Noticed Grinder
  5143 | D:6      | Noticed a yak
  5201 | D:6      | Noticed a yak
  5202 | D:6      | Noticed a yak
  5207 | D:6      | Your ally Grinder died
  5452 | D:6      | Reached XP level 8. HP: 21/54 MP: 10/12
  5775 | D:6      | HP: 2/53 [orc wizard/+1 dagger of draining (1)]
  5775 | D:6      | Shot with a sling bullet by a human

Illustrated notes

Levels and vault maps discovered:
D:1:      elethiomel_arrival_quiet, layout_basic, grunt_decor_cap,
          corexii_corridor_pit, chequers_decorated_corner, minmay_tetromino_o2
D:2:      minmay_skewed_foursquare, layout_basic, basic_altar,
          dilly_ecumenical_altar_fadedgnrine, patterned_corridor, uniq_jessica
D:3:      layout_loops_corners
D:4:      layout_loops_ring, st_stairs_13
D:5:      black_bear_nest_2, layout_rooms, tso_metal_star,
          amcnicky_altar_gilded, minmay_between, uniq_edmund
D:6:      hangedman_cross_stitches, layout_basic, mainiacjoe_overflow_big_doors,
          gammafunk_temple_overflow_elements, temple_doors_e, minmay_ruffians,
          uniq_grinder
Temple:   corrupted_temple

Skill      XL: |  1  2  3  4  5  6  7  8 |
---------------+-------------------------+-----
Stealth        | 7 8 |  8.4
Dodging        | 3 4 |  4.0
Hexes          | 1 2 3 |  3.8
Spellcasting   | 1 2 3 |  3.4
Short Blades   | 1 3 |  3.5
Fighting       | 4 |  4.6
Axes           | |  2.9

Action                   |  1- 3 |  4- 6 |  7- 9 || total
-------------------------+-------+-------+-------++-------
Melee: Hand axe          |    24 |       |       ||    24
       Constrict         |    12 |    23 |     8 ||    43
       Tentacles         |     5 |    23 |    17 ||    45
       Punch             |     1 |     1 |     2 ||     4
       Dagger            |    14 |   122 |    55 ||   191
Throw: Dart              |       |     8 |     7 ||    15
 Cast: Slow              |       |     3 |     1 ||     4
Evoke: Wand              |       |       |     6 ||     6
  Use: Potion            |     1 |       |     2 ||     3
       Scroll            |       |     8 |       ||     8
 Stab: Sleeping          |    10 |    28 |     4 ||    42
       Distracted        |       |     1 |       ||     1
Armor: Skin              |     3 |     5 |     4 ||    12
Dodge: Dodged            |    18 |    46 |    31 ||    95
